TOP OF THE 1ST |
Hagerstown Suns batting - Pitching for Wisconsin Timber Rattlers : RHP Zach Green
|
Pitching: RHP Zach Green
|
|
Batting: RHB John Savard
|
0-0: Ball 1-0: Called Strike 1-1: Ball 2-1: Ball 3-1: SINGLE (Line Drive, 9S, EV 91.2 MPH)
|
Batting: RHB Antonio Morado
|
0-0: Ball John Savard steals 2nd base 1-0: Foul Ball, location: 2F 1-1: Reached on error, E2 (Groundball, 15S, EV 68.1 MPH) John Savard to third
|
Batting: LHB John Luke
|
0-0: Ball 1-0: Ball Antonio Morado steals 2nd base 2-0: 3-RUN HOME RUN (Flyball, 89XD, EV 97.5 MPH), Distance : 398 ft
|
Batting: RHB Nick Moreno
|
0-0: Foul Ball, location: 2F 0-1: DOUBLE (Line Drive, 78XD, EV 104.4 MPH)
|
Batting: SHB Curtis DeLille
|
0-0: Ball Nick Moreno steals 3rd, throwing error, E2 Nick Moreno scores 1-0: Swinging Strike 1-1: Called Strike 1-2: SINGLE (Flyball, 56D, EV 93.1 MPH)
|
Batting: RHB Steve Bauman
|
0-0: Ball 1-0: Fly out, F7 (Flyball, 7, EV 76.2 MPH)
|
Batting: RHB Derek Moran
|
0-0: Called Strike 0-1: Called Strike 0-2: Foul Ball, location: 2F 0-2: Strikes out swinging
|
Batting: RHB Victor Cintron
|
0-0: Fly out, F7 (Flyball, 7, EV 81.9 MPH)
|
Top of the 1st over - 4 runs, 4 hits, 2 errors, 1 left on base; Hagerstown 4 - Wisconsin 0 |
BOTTOM OF THE 1ST |
Wisconsin Timber Rattlers batting - Pitching for Hagerstown Suns : LHP Mike Montgomery
|
Pitching: LHP Mike Montgomery
|
|
Batting: RHB Hector Silva
|
0-0: Called Strike 0-1: Ball 1-1: Foul Ball, location: 2F 1-2: Ball 2-2: Ball 3-2: Base on Balls
|
Batting: LHB Jason Raker
|
0-0: Fielders Choice at 2nd, 4-6 (Groundball, 4M, EV 82.5 MPH)
|
Batting: RHB Ryan Miller
|
0-0: Ball 1-0: SINGLE (Groundball, 4D, EV 103.8 MPH) Jason Raker to second Runner from 2nd tries for 3rd, SAFE, throw by CF made to third Ryan Miller to second
|
Batting: SHB Craig Wright
|
0-0: Called Strike 0-1: Foul Ball, location: 2F 0-2: Strikes out swinging
|
Batting: RHB Herb McIntyre
|
0-0: Ball 1-0: Ball 2-0: Foul Ball, location: 2F 2-1: Foul Ball, location: 2F 2-2: Foul Ball, location: 2F 2-2: Ball 3-2: Base on Balls
|
Batting: RHB Mario Lopez
|
0-0: Ball 1-0: Ball 2-0: Ball 3-0: Called Strike 3-1: Foul Ball, location: 2F 3-2: Strikes out swinging
|
Bottom of the 1st over - 0 runs, 1 hit, 0 errors, 3 left on base; Hagerstown 4 - Wisconsin 0 |
TOP OF THE 2ND |
Hagerstown Suns batting - Pitching for Wisconsin Timber Rattlers : RHP Zach Green
|
Batting: RHB Travis Stanley
|
0-0: Ball 1-0: Swinging Strike 1-1: SINGLE (Groundball, 25, EV 68.1 MPH) (infield hit)
|
Batting: RHB John Savard
|
0-0: Ball Travis Stanley steals 2nd base 1-0: Ball 2-0: Foul Ball, location: 2F 2-1: Ball 3-1: Ground out 6-3 (Groundball, 6, EV 98.1 MPH)
|
Batting: RHB Antonio Morado
|
0-0: Ball 1-0: Ball 2-0: Fly out, F4 (Line Drive, 4, EV 73.1 MPH) Lined into DP, 4-6 (Line Drive, 4, EV 68.1 MPH)
|
Top of the 2nd over - 0 runs, 1 hit, 0 errors, 0 left on base; Hagerstown 4 - Wisconsin 0 |
BOTTOM OF THE 2ND |
Wisconsin Timber Rattlers batting - Pitching for Hagerstown Suns : LHP Mike Montgomery
|
Batting: RHB Tristan Smeets
|
0-0: Foul Ball, location: 2F 0-1: Ball 1-1: Ball 2-1: Swinging Strike 2-2: Strikes out swinging
|
Batting: SHB Ramon Perez
|
0-0: Called Strike 0-1: Called Strike 0-2: Strikes out swinging
|
Batting: RHB Raymond Young
|
0-0: Foul Ball, location: 2F 0-1: Ball 1-1: DOUBLE (Line Drive, 3D, EV 105.0 MPH)
|
Batting: RHB Hector Silva
|
0-0: Ground out U3 (Groundball, 34, EV 107.5 MPH)
|
Bottom of the 2nd over - 0 runs, 1 hit, 0 errors, 1 left on base; Hagerstown 4 - Wisconsin 0 |
TOP OF THE 3RD |
Hagerstown Suns batting - Pitching for Wisconsin Timber Rattlers : RHP Zach Green
|
Batting: LHB John Luke
|
0-0: Called Strike 0-1: Swinging Strike 0-2: Ball 1-2: Fly out, F7 (Flyball, 7, EV 90.6 MPH)
|
Batting: RHB Nick Moreno
|
0-0: Ball 1-0: Ball 2-0: Called Strike 2-1: Swinging Strike 2-2: Strikes out swinging
|
Batting: SHB Curtis DeLille
|
0-0: Ball 1-0: Ball 2-0: Foul Ball, location: 2F 2-1: Ground out U3 (Groundball, 3, EV 86.9 MPH)
|
Top of the 3rd over - 0 runs, 0 hits, 0 errors, 0 left on base; Hagerstown 4 - Wisconsin 0 |
BOTTOM OF THE 3RD |
Wisconsin Timber Rattlers batting - Pitching for Hagerstown Suns : LHP Mike Montgomery
|
Batting: LHB Jason Raker
|
0-0: Ball 1-0: Ball 2-0: Foul Ball, location: 2F 2-1: Called Strike 2-2: Hit by Pitch
|
Batting: RHB Ryan Miller
|
0-0: Called Strike 0-1: Ball Wild Pitch! Jason Raker to second 1-1: Ball 2-1: Foul Ball, location: 2F 2-2: Foul Ball, location: 2F 2-2: Ground out 6-3 (Groundball, 6, EV 79.4 MPH)
|
Batting: SHB Craig Wright
|
0-0: Called Strike 0-1: Ball 1-1: Ball Jason Raker is caught stealing 3rd base 2-5 2-1: Swinging Strike 2-2: Ground out U3 (Groundball, 34S, EV 82.5 MPH)
|
Bottom of the 3rd over - 0 runs, 0 hits, 0 errors, 0 left on base; Hagerstown 4 - Wisconsin 0 |
TOP OF THE 4TH |
Hagerstown Suns batting - Pitching for Wisconsin Timber Rattlers : RHP Zach Green
|
Batting: RHB Steve Bauman
|
0-0: Called Strike 0-1: Swinging Strike 0-2: Ball 1-2: Strikes out swinging
|
Batting: RHB Derek Moran
|
0-0: Hit by Pitch
|
Batting: RHB Victor Cintron
|
0-0: Called Strike 0-1: Ball Derek Moran is caught stealing 2nd base 2-4 1-1: Foul Ball, location: 2F 1-2: Foul Ball, location: 2F 1-2: Ball 2-2: Foul Ball, location: 2F 2-2: Fly out, F6 (Flyball, 6MD, EV 90.0 MPH)
|
Top of the 4th over - 0 runs, 0 hits, 0 errors, 0 left on base; Hagerstown 4 - Wisconsin 0 |
BOTTOM OF THE 4TH |
Wisconsin Timber Rattlers batting - Pitching for Hagerstown Suns : LHP Mike Montgomery
|
Batting: RHB Herb McIntyre
|
0-0: Ball 1-0: Ground out 4-3 (Groundball, 4, EV 98.1 MPH)
|
Batting: RHB Mario Lopez
|
0-0: Called Strike 0-1: Ground out 5-3 (Groundball, 56, EV 81.9 MPH)
|
Batting: RHB Tristan Smeets
|
0-0: Ball 1-0: Swinging Strike 1-1: Ball 2-1: Called Strike 2-2: Foul Ball, location: 2F 2-2: Foul Ball, location: 2F 2-2: Strikes out swinging
|
Bottom of the 4th over - 0 runs, 0 hits, 0 errors, 0 left on base; Hagerstown 4 - Wisconsin 0 |
TOP OF THE 5TH |
Hagerstown Suns batting - Pitching for Wisconsin Timber Rattlers : RHP Zach Green
|
Batting: RHB Travis Stanley
|
0-0: Called Strike 0-1: Ball 1-1: Ball 2-1: Swinging Strike 2-2: Strikes out swinging
|
Batting: RHB John Savard
|
0-0: Ball 1-0: Ball 2-0: Foul Ball, location: 2F 2-1: Foul Ball, location: 2F 2-2: Strikes out swinging
|
Batting: RHB Antonio Morado
|
0-0: Ball 1-0: Foul Ball, location: 2F 1-1: Called Strike 1-2: Ball 2-2: Ground out 5-3 (Groundball, 56, EV 78.8 MPH)
|
Top of the 5th over - 0 runs, 0 hits, 0 errors, 0 left on base; Hagerstown 4 - Wisconsin 0 |
BOTTOM OF THE 5TH |
Wisconsin Timber Rattlers batting - Pitching for Hagerstown Suns : LHP Mike Montgomery
|
Batting: SHB Ramon Perez
|
0-0: Called Strike 0-1: Foul Ball, location: 2F 0-2: Strikes out swinging, 2-3 out at first.
|
Batting: RHB Raymond Young
|
0-0: Ball 1-0: Foul Ball, location: 2F 1-1: Ball 2-1: Ball 3-1: Ground out 6-3 (Groundball, 6, EV 91.2 MPH)
|
Batting: RHB Hector Silva
|
0-0: Called Strike 0-1: DOUBLE (Line Drive, 89M, EV 91.2 MPH)
|
Batting: LHB Jason Raker
|
0-0: Foul Ball, location: 2F 0-1: Swinging Strike 0-2: Ball 1-2: Ball 2-2: SINGLE (Groundball, 4MD, EV 98.8 MPH) Hector Silva to third Runner from 3rd tries for Home, SAFE, throw by CF to home
|
Batting: RHB Ryan Miller
|
0-0: Fly out, F8 (Flyball, 89M, EV 95.6 MPH)
|
Bottom of the 5th over - 1 run, 2 hits, 0 errors, 1 left on base; Hagerstown 4 - Wisconsin 1 |
TOP OF THE 6TH |
Hagerstown Suns batting - Pitching for Wisconsin Timber Rattlers : RHP Zach Green
|
Batting: LHB John Luke
|
0-0: SINGLE (Groundball, 56D, EV 96.9 MPH)
|
Batting: RHB Nick Moreno
|
0-0: Ball 1-0: Fielders Choice at 2nd, 3-6 (Groundball, 3, EV 82.5 MPH)
|
Batting: SHB Curtis DeLille
|
0-0: Called Strike Nick Moreno is caught stealing 2nd base 2-6 0-1: Foul Ball, location: 2F 0-2: Ground out 3-1 (Groundball, 34S, EV 81.9 MPH)
|
Top of the 6th over - 0 runs, 1 hit, 0 errors, 0 left on base; Hagerstown 4 - Wisconsin 1 |
BOTTOM OF THE 6TH |
Wisconsin Timber Rattlers batting - Pitching for Hagerstown Suns : LHP Mike Montgomery
|
Pitching: RHP Roy Walker
|
|
Batting: SHB Craig Wright
|
0-0: Ball 1-0: Ball 2-0: Ball 3-0: Called Strike 3-1: Foul Ball, location: 2F 3-2: Strikes out looking
|
Batting: RHB Herb McIntyre
|
0-0: Called Strike 0-1: Ground out 5-3 (Groundball, 5, EV 80.0 MPH)
|
Batting: RHB Mario Lopez
|
0-0: Called Strike 0-1: Ball 1-1: Foul Ball, location: 2F 1-2: Foul Ball, location: 2F 1-2: Foul Ball, location: 2F 1-2: Strikes out swinging
|
Bottom of the 6th over - 0 runs, 0 hits, 0 errors, 0 left on base; Hagerstown 4 - Wisconsin 1 |
TOP OF THE 7TH |
Hagerstown Suns batting - Pitching for Wisconsin Timber Rattlers : RHP Zach Green
|
Batting: RHB Steve Bauman
|
0-0: Ball 1-0: SINGLE (Groundball, 6S, EV 68.1 MPH) (infield hit)
|
Batting: RHB Derek Moran
|
0-0: Sac Bunt to 25 - play at first, batter OUT! 5-3 Steve Bauman to second
|
Batting: RHB Victor Cintron
|
0-0: Ball 1-0: Ground out 3-1 (Groundball, 34, EV 80.6 MPH) Steve Bauman to third
|
Batting: RHB Travis Stanley
|
0-0: Ball 1-0: Ball 2-0: Ball 3-0: Called Strike 3-1: Fly out, F7 (Flyball, 7, EV 95.6 MPH)
|
Top of the 7th over - 0 runs, 1 hit, 0 errors, 1 left on base; Hagerstown 4 - Wisconsin 1 |
BOTTOM OF THE 7TH |
Wisconsin Timber Rattlers batting - Pitching for Hagerstown Suns : RHP Roy Walker
|
Batting: RHB Tristan Smeets
|
0-0: SINGLE (Flyball, 4MD, EV 94.4 MPH)
|
Batting: SHB Ramon Perez
|
0-0: Called Strike Tristan Smeets steals 2nd base 0-1: Ball 1-1: Foul Ball, location: 2F 1-2: Fly out, F7 (Flyball, 7S, EV 84.4 MPH)
|
Batting: RHB Raymond Young
|
0-0: Ball 1-0: Called Strike 1-1: Swinging Strike 1-2: Foul Ball, location: 2F 1-2: Foul Ball, location: 2F 1-2: Foul Ball, location: 2F 1-2: Ball 2-2: Ground out 5-3 (Groundball, 56, EV 106.2 MPH)
|
Batting: RHB Hector Silva
|
0-0: Foul Ball, location: 2F 0-1: Ball 1-1: Ground out 6-3 (Groundball, 6, EV 99.4 MPH)
|
Bottom of the 7th over - 0 runs, 1 hit, 0 errors, 1 left on base; Hagerstown 4 - Wisconsin 1 |
TOP OF THE 8TH |
Hagerstown Suns batting - Pitching for Wisconsin Timber Rattlers : RHP Zach Green
|
Pitching: RHP Ernie Borden
|
|
Batting: RHB John Savard
|
0-0: Ball 1-0: SINGLE (Groundball, 6S, EV 73.8 MPH) (infield hit)
|
Batting: RHB Antonio Morado
|
0-0: Sac Bunt to 2R - play at first, batter OUT! 2-3 John Savard to second
|
Batting: LHB John Luke
|
0-0: Called Strike 0-1: Ball 1-1: Fly out, F7 (Flyball, 78M, EV 89.4 MPH)
|
Batting: RHB Nick Moreno
|
0-0: Foul Ball, location: 2F 0-1: Called Strike John Savard is caught stealing 3rd base 2-5
|
Top of the 8th over - 0 runs, 1 hit, 0 errors, 0 left on base; Hagerstown 4 - Wisconsin 1 |
BOTTOM OF THE 8TH |
Wisconsin Timber Rattlers batting - Pitching for Hagerstown Suns : RHP Roy Walker
|
Pitching: RHP Caleb Westbay
|
|
Batting: LHB Jason Raker
|
0-0: SINGLE (Line Drive, 8LS, EV 85.0 MPH)
|
Batting: RHB Ryan Miller
|
0-0: Ball 1-0: Ball 2-0: Ball 3-0: Called Strike 3-1: Called Strike 3-2: Strikes out swinging
|
Batting: SHB Craig Wright
|
0-0: Fly out, F6 (Line Drive, 6, EV 65.0 MPH)
|
Batting: RHB Herb McIntyre
|
0-0: Ball 1-0: Called Strike 1-1: Ball 2-1: Fielders Choice at 2nd, 6-4 (Groundball, 6, EV 96.9 MPH)
|
Bottom of the 8th over - 0 runs, 1 hit, 0 errors, 1 left on base; Hagerstown 4 - Wisconsin 1 |
TOP OF THE 9TH |
Hagerstown Suns batting - Pitching for Wisconsin Timber Rattlers : RHP Ernie Borden
|
Batting: RHB Nick Moreno
|
0-0: Ground out 5-3 (Groundball, 56, EV 110.0 MPH)
|
Batting: SHB Curtis DeLille
|
0-0: Called Strike 0-1: Ground out 5-3 (Groundball, 5L, EV 80.0 MPH)
|
Batting: RHB Steve Bauman
|
0-0: Foul Ball, location: 2F 0-1: Fly out, F4 (Line Drive, 4, EV 70.0 MPH)
|
Top of the 9th over - 0 runs, 0 hits, 0 errors, 0 left on base; Hagerstown 4 - Wisconsin 1 |
BOTTOM OF THE 9TH |
Wisconsin Timber Rattlers batting - Pitching for Hagerstown Suns : RHP Caleb Westbay
|
Pitching: RHP Gareth Cutts
|
|
Batting: RHB Mario Lopez
|
0-0: Ball 1-0: Ball 2-0: SINGLE (Line Drive, 89S, EV 105.0 MPH)
|
Batting: SHB C.J. Olivares
|
0-0: Ball 1-0: Called Strike 1-1: Called Strike 1-2: Ball 2-2: Strikes out looking
|
Batting: SHB Ramon Perez
|
0-0: Hit by Pitch Mario Lopez to second
|
Batting: RHB Raymond Young
|
0-0: SINGLE (Groundball, 34D, EV 106.9 MPH) Mario Lopez to third Ramon Perez to second
|
Batting: RHB Hector Silva
|
0-0: DOUBLE (Line Drive, 7LM, EV 100.6 MPH) Mario Lopez scores Ramon Perez scores Raymond Young to third
|
Batting: LHB Jason Raker
|
0-0: Ball 1-0: SINGLE (Groundball, 4MD, EV 102.5 MPH) Raymond Young scores Hector Silva to third Runner from 3rd tries for Home, SAFE, throw by CF to home
|
Bottom of the 9th over - 4 runs, 4 hits, 0 errors, 1 left on base; Hagerstown 4 - Wisconsin 5 |
|